 Dungeon Crawl Stone Soup version 0.28.0-62-gf88900778d (webtiles) character file.

Game seed: 3850577277696376890

6515 cbfl8 the Cleaver (level 11, -4/95 HPs)
             Began as a Hill Orc Fighter on Sept 6, 2023.
             Was a Priest of Trog.
             Slain by Erolcha
             ... wielding a +7 giant spiked club
              (20 damage)
             ... on level 9 of the Dungeon.
             The game lasted 00:11:23 (9743 turns).

cbfl8 the Cleaver (Hill Orc Fighter)                Turns: 9743, Time: 00:11:23

Health: -4/95      AC: 15    Str: 20    XL:     11   Next: 0%
Magic:  11/11      EV:  7    Int: 14    God:    Trog [***...]
Gold:   359        SH:  6    Dex: 17    Spells: 10/10 levels left

rFire   + . .      SeeInvis .   h - +1 hand axe (venom)
rCold   . . .      Faith    .   c - +0 buckler
rNeg    . . .      Spirit   .   z - +0 chain mail
rPois   .          Reflect  .   f - +2 hat
rElec   .          Harm     .   (no cloak)
rCorr   .          Rampage  .   p - +1 pair of gloves {Dex+3}
Will    .....                   (no boots)
Stlth   ..........              u - amulet of regeneration
HPRegen 1.05/turn               i - ring of protection from fire
MPRegen 0.12/turn               t - +6 ring of intelligence

@: no status effects
A: no striking features
a: Renounce Religion, Berserk, Trog's Hand


You were on level 9 of the Dungeon.
You worshipped Trog.
Trog was most pleased with you.
You visited 2 branches of the dungeon, and saw 10 of its levels.

You collected 516 gold pieces.
You spent 157 gold pieces at shops.

Inventory:

Hand Weapons
 a - a +0 vampiric war axe
 h - a +1 hand axe of venom (weapon)
Armour
 c - a +0 buckler (worn)
 f - a +2 hat (worn)
 p - a +1 pair of gloves of dexterity (worn)
 z - a +0 chain mail (worn)
Jewellery
 i - a ring of protection from fire (left hand)
 t - a +6 ring of intelligence (right hand)
 u - an amulet of regeneration (around neck)
Wands
 b - a wand of charming (6)
 w - a wand of iceblast (1)
 y - a wand of flame (50)
Scrolls
 k - 4 scrolls of teleportation
 l - a scroll of enchant armour
 q - a scroll of noise {unknown}
 s - 2 scrolls of magic mapping
 x - a scroll of amnesia {unknown}
 C - a scroll of vulnerability {unknown}
 D - a scroll of holy word {unknown}
 E - a scroll of silence {unknown}
 F - a scroll of acquirement {unknown}
Potions
 d - a potion of might
 e - 2 potions of lignification {unknown}
 g - 2 potions of ambrosia
 j - 2 potions of degeneration {unknown}
 m - 3 potions of haste
 n - 2 potions of resistance {unknown}
 o - 3 potions of heal wounds {unknown}
 r - a potion of berserk rage {unknown}
 v - a potion of attraction
 A - a potion of flight {unknown}
 G - a potion of cancellation {unknown}


   Skills:
 + Level 8.5 Fighting
 + Level 12.7 Axes
 + Level 9.0 Armour
 + Level 6.3 Shields
 * Level 7.2 Evocations


You had 10 spell levels left.
You didn't know any spells.
Your spell library contained the following spells:

 Spells                   Type           Power      Damage    Failure   Level
 Beastly Appendage        Tmut           0%         N/A       95%         1
 Corpse Rot               Necr/Air       0%         N/A       99%         2
 Wereblood                Tmut           0%         N/A       99%         2
 Spider Form              Tmut/Pois      0%         N/A       100%        3
 Dispel Undead            Necr           0%         3d6       100%        4
 Death Channel            Necr           0%         N/A       100%        6


Dungeon Overview and Level Annotations

Branches:
Dungeon (9/15)             Temple (1/1) D:5            Lair (0/6) D:8
    Orc: D:9-12

Altars:
Cheibriados
Dithmenos
Fedhas
Gozag
Hepliaklqana
Kikubaaqudgha
Makhleb
Nemelex Xobeh
Okawaru
Ru
Trog
Uskayaw
Wu Jian
Xom
The Shining One

Shops:
D:1 (*:*   D:5 (

Annotations:
D:9 Erolcha


Message History

Erolcha gestures at you while chanting. You resist with some effort.
Erolcha is nearby!
Erolcha roars.
Unknown command.
Erolcha screams, "Erolcha kill you!" You block Erolcha's attack.
Unknown command.
You hit Erolcha but do no damage.
Erolcha is poisoned.
Unknown command.
You hit Erolcha but do no damage.
Erolcha looks as sick as possible!
Erolcha zaps a wand.
Your mind is blasted!
Unknown command.
You hit Erolcha but do no damage.
Erolcha is lightly wounded.
Erolcha screams, "Erolcha happy to kill you!"
Erolcha gestures wildly while chanting.
Erolcha flickers and vanishes!
Deactivating autopickup; reactivate with Ctrl-A.
Unknown command.
No target in view!
Unknown command.
No target in view!
No target in view!
You closely miss something. You slash something! Something hits you!
You miss something.
You hear a zap.
Your mind is blasted!
You hit something but do no damage. You hit something.
You hear a zap.
Your mind is blasted!
You hit something. Something hits you!!
* * * LOW HITPOINT WARNING * * *
You hit something. Something hits you!
* * * LOW HITPOINT WARNING * * *
You feel better. Something hits you but does no damage.
You feel better. Something hits you!!
You die...

.........#...## #######...
.............###########.........
#########...###..........#######.
##.........########## #.
###....##..### #. ###....####..#
#. ##....### #..# #.....#
#..######## .....## #....@{...#
....## #.........# ##.##
#...........# #### #...........#
#...........# ##.........##
##......### ###.####


There were no monsters in sight!

Vanquished Creatures
  Pikel (D:7)
  Maurice (D:9)
  A komodo dragon (D:8)
  Psyche (D:9)
  A kobold demonologist (D:9)
  A hornet (D:8)
  Grinder (D:5)
  4 yaks (D:8)
  2 steam dragons
  Menkaure (D:5)
  An acid dragon (D:8)
  A water moccasin (D:9)
  2 ice beasts (D:6)
  4 orc warriors
  2 black bears
  2 necrophages
  5 ogres
  2 centaurs
  A lemure (D:7)
  A phantom (D:4)
  3 kobold brigands
  3 scorpions
  A water moccasin zombie (D:6)
  5 killer bees (D:9)
  5 wights (D:5)
  2 howler monkeys (D:8)
  A gnoll shaman (D:7)
  A bullfrog zombie (D:5)
  2 centaur skeletons
  2 orc priests
  A jelly (D:7)
  An iguana (D:5)
  10 orc wizards
  2 scorpion zombies (D:5)
  3 killer bee zombies
  A howler monkey zombie (D:6)
  10 gnolls
  5 adders
  2 shadow imps
  An ufetubus (D:2)
  4 worms
  38 orcs
  4 ball pythons
  6 endoplasms
  4 giant cockroaches
  A goblin (D:3)
  3 hobgoblins
  3 quokkas
  7 bats
  4 frilled lizards
  9 kobolds
  4 rats
183 creatures vanquished.

Vanquished Creatures (others)
  3 plants (D:8)
3 creatures vanquished.

Grand Total: 186 creatures vanquished

Notes
Turn   | Place    | Note
-------+----------+-------------------------------------------
     0 | D:1      | cbfl8 the Hill Orc Fighter began the quest for the Orb.
     0 | D:1      | Reached XP level 1. HP: 19/19 MP: 1/1
    54 | D:1      | Found a faded altar of an unknown god.
   127 | D:1      | Found Fiuhow's Assorted Antiques.
   199 | D:1      | Reached XP level 2. HP: 27/27 MP: 2/2
   222 | D:1      | Found Toumyal's General Store.
   231 | D:1      | Found Kiceho's Book Emporium.
   344 | D:1      | Bought a scroll of teleportation for 30 gold pieces
   347 | D:1      | Found Sutem's Antique Weapon Boutique.
   347 | D:1      | Found Bemoexima's Assorted Antiques.
   702 | D:2      | Reached skill level 3 in Axes
   702 | D:2      | Reached XP level 3. HP: 30/33 MP: 3/3
   870 | D:1      | Reached skill level 1 in Evocations
  1045 | D:2      | Reached XP level 4. HP: 33/40 MP: 4/4
  1843 | D:3      | Reached skill level 4 in Axes
  1932 | D:1      | Bought a scroll of identify for 20 gold pieces
  1932 | D:1      | Bought a scroll of identify for 20 gold pieces
  2019 | D:4      | Noticed a black bear
  2120 | D:3      | Reached XP level 5. HP: 36/46 MP: 5/5
  2226 | D:3      | Found an ornate altar of the Wu Jian Council.
  2232 | D:3      | Found a blossoming altar of Fedhas.
  2364 | D:3      | Reached skill level 5 in Axes
  2939 | D:3      | Reached XP level 6. HP: 38/53 MP: 6/6
  3366 | D:3      | Reached skill level 6 in Axes
  3366 | D:3      | Reached XP level 7. HP: 15/60 MP: 7/7
  3944 | D:4      | Reached skill level 5 in Fighting
  4007 | D:4      | Reached skill level 5 in Armour
  4010 | D:4      | Reached skill level 7 in Axes
  4421 | D:5      | Entered Level 5 of the Dungeon
  4439 | D:5      | Found a staircase to the Ecumenical Temple.
  4454 | D:5      | Noticed Menkaure
  4471 | D:5      | Killed Menkaure
  4472 | D:5      | Reached XP level 8. HP: 28/68 MP: 8/8
  4613 | Temple   | Entered the Ecumenical Temple
  4715 | Temple   | Became a worshipper of Trog the Wrathful
  4797 | D:5      | Noticed Grinder
  4801 | D:5      | Paralysed by Grinder for 4 turns
  4822 | D:5      | Killed Grinder
  4823 | D:5      | Reached skill level 8 in Axes
  5115 | D:5      | Found a hide-covered altar of Uskayaw.
  5130 | D:5      | Found Hyer's Weapon Shoppe.
  5217 | D:5      | Identified the +7 whip of Zosedian {freeze, rPois rCorr}
  5405 | D:5      | Reached skill level 9 in Axes
  5490 | D:5      | Reached XP level 9. HP: 42/68 MP: 9/9
  5556 | D:6      | Reached skill level 5 in Shields
  5576 | D:6      | Reached * piety under Trog
  5577 | D:6      | Reached skill level 5 in Evocations
  6597 | D:7      | Found a shimmering altar of Xom.
  6781 | D:7      | Reached skill level 10 in Axes
  6821 | D:7      | Noticed Pikel
  6838 | D:7      | Killed Pikel
  7327 | D:7      | Reached skill level 11 in Axes
  7387 | D:7      | Reached XP level 10. HP: 84/86 MP: 10/10
  7392 | D:7      | Reached ** piety under Trog
  7458 | D:7      | Found a sacrificial altar of Ru.
  7847 | D:8      | Paralysed by a hornet for 3 turns
  8114 | D:8      | Found an iron altar of Okawaru.
  8220 | D:8      | Found a staircase to the Lair.
  8548 | D:8      | Reached skill level 12 in Axes
  9094 | D:1      | Bought a scroll labelled FOLEAN APPEOC for 30 gold pieces
  9094 | D:1      | Bought a golden potion for 27 gold pieces
  9112 | D:1      | Bought a potion of curing for 30 gold pieces
  9427 | D:9      | Noticed Maurice
  9442 | D:9      | Killed Maurice
  9607 | D:9      | Noticed Psyche
  9614 | D:9      | Killed Psyche
  9614 | D:9      | Reached *** piety under Trog
  9664 | D:9      | Noticed a kobold demonologist
  9681 | D:9      | Killed a kobold demonologist
  9697 | D:9      | Reached XP level 11. HP: 95/95 MP: 11/11
  9728 | D:9      | Noticed Erolcha
  9741 | D:9      | HP: 3/95 [something (11)]
  9743 | D:9      | Slain by Erolcha

Illustrated notes

Levels and vault maps discovered:
D:1:      dpeg_arrival_short_road, layout_rooms,
          ebering_ecumenical_altar_abandoned, serial_shops, shop,
          shop_fountains, nicolae_shop_hallway_plus, shop, shop
D:2:      layout_basic, grunt_ministairs_4
D:3:      layout_loops_cross, general_overflow_altar, amcnicky_altar_gilded,
          kennysheep_cross_room
D:4:      layout_cave_pools
D:5:      layout_loops_cross, nicolae_uskayaw_murder_on_the_dancefloor,
          minmay_temple_entry_grid, serial_shops, shop, uniq_grinder,
          uniq_menkaure
D:6:      layout_loops_corners
D:7:      layout_cave_pods, mainiacjoe_overflow_catch_the_wave, uniq_pikel
D:8:      layout_basic, mainiacjoe_overflow_six_doors_small, david_lair_shrubbed
D:9:      layout_cave_pods, uniq_psyche, uniq_prince_ribbit1, uniq_erolcha,
          uniq_maurice
Temple:   regret_index_temple_sphere_string

Skill      XL: |  1  2  3  4  5  6  7  8  9 10 |
---------------+-------------------------------+-----
Fighting       | 4 5 6 7 8 |  8.5
Axes           | 3 4 5 6 7 9 11 12 | 12.7
Evocations     | 1 2 3 4 6 7 |  7.2
Armour         | 4 5 6 7 9 |  9.0
Shields        | 4 5 6 |  6.3

Action                   |  1- 3 |  4- 6 |  7- 9 | 10-12 || total
-------------------------+-------+-------+-------+-------++-------
Melee: War axe           |     6 |       |       |       ||     6
       Hand axe          |    47 |   129 |   363 |   246 ||   785
  Use: Scroll            |       |     5 |     3 |       ||     8
       Potion            |       |       |     2 |     2 ||     4
Armor: Scale mail        |    31 |    56 |   101 |       ||   188
       Chain mail        |       |       |    46 |   100 ||   146
Dodge: Dodged            |    25 |    51 |   132 |    51 ||   259
Block: Buckler           |    16 |    27 |    71 |    46 ||   160
